[Event "Titled Tuesday Blitz March 07 Early 2023"]
[White "Vargas Rodriguez, Wilver"]
[Black "Chakravarthi Reddy, M"]
[WhiteFideId "3509672"]
[BlackFideId "25009532"]
[WhiteElo "2238"]
[BlackElo "2201"]
[Result "0-1"]
[Round "06"]
[TimeControl "180+2"]
[Date "2023.03.07"]
[WhiteClock "0:00:03"]
[BlackClock "0:00:05"]

1. e4 g6 2. h4 d5 3. e5 Bg7 4. d4 c5 5. c3 Nc6 6. h5 cxd4 7. hxg6 hxg6 8. Rxh8 Bxh8 9. cxd4 Qb6 10. Nc3 Be6 11. Nf3 f6 12. Bd3 O-O-O 13. exf6 Bxf6 14. Qb3 Nxd4 15. Qxb6 Nxf3+ 16. gxf3 axb6 17. Bxg6 Bg7 18. Bf4 Nf6 19. O-O-O d4 20. Nb5 Nd5 21. Bg3 Nb4 22. a3 Bh6+ 23. f4 Nc6 24. Kb1 Bc4 25. a4 Bxb5 26. axb5 Na7 27. Bf5+ Kb8 28. Bd3 Rd5 29. Re1 Nxb5 30. Rxe7 Ka7 31. Be4 Rc5 32. Bxb7 Rc7 33. Rxc7 Nxc7 34. Be4 Bg7 35. f5 Ne8 36. Kc2 b5 37. Kd3 Kb6 38. f3 Kc5 39. Bf2 Nd6 40. f4 Bf6 41. b4+ Kxb4 42. Bxd4 Ne8 43. Bc6 Nd6 44. Bxf6 Nxf5 45. Be5 Kc5 46. Bd7 Ne7 47. Ke4 b4 48. Bg4 b3 49. Bb2 Kd6 50. Ba3+ Kc6 0-1


[Site "https://www.chess.com"]

[Event "Titled Tuesday Blitz March 07 Early 2023"]
[White "Gheorghiu, Calin"]
[Black "SicilianPanzer"]
[WhiteFideId "1200305"]
[WhiteElo "2223"]
[BlackElo "2244"]
[Result "0-1"]
[Round "06"]
[TimeControl "180+2"]
[Date "2023.03.07"]
[WhiteClock "0:00:01"]
[BlackClock "0:00:08"]

1. e4 c6 2. d4 d5 3. e5 Bf5 4. Nf3 e6 5. Be2 Nd7 6. O-O c5 7. c3 Ne7 8. dxc5 Nxc5 9. Nd4 Bg6 10. Bb5+ Nd7 11. Re1 a6 12. Bf1 Qc7 13. Bf4 Nc6 14. Nd2 Bc5 15. N2b3 Ba7 16. Qg4 Ncxe5 17. Qg3 Bb8 18. Re3 Qd6 19. Rae1 f6 20. h4 O-O 21. c4 dxc4 22. Bxc4 Bf7 23. h5 Qe7 24. h6 g6 25. Bf1 Bc7 26. Nd2 Rac8 27. Ne4 Nc5 0-1


[Site "https://www.chess.com"]

[Event "Titled Tuesday Blitz March 07 Early 2023"]
[White "Mouhamad, Joachim"]
[Black "Thiel, Thomas"]
[WhiteFideId "656410"]
[BlackFideId "4615964"]
[WhiteElo "2164"]
[BlackElo "2244"]
[Result "1-0"]
[Round "06"]
[TimeControl "180+2"]
[Date "2023.03.07"]
[WhiteClock "0:00:22"]
[BlackClock "0:00:46"]

1. e4 d5 2. exd5 Nf6 3. d4 Nxd5 4. Nf3 g6 5. c4 Nb6 6. c5 Nd5 7. Nc3 Bg7 8. h3 O-O 9. Bc4 Nxc3 10. bxc3 Nc6 11. O-O e5 12. Bg5 Qd7 13. Bb5 exd4 14. cxd4 Qd5 15. Ba4 Nxd4 16. Nxd4 Qxd4 17. Rb1 Qxc5 18. Be3 Qa5 19. Bb3 b6 20. Bd2 Qh5 21. Qxh5 gxh5 22. Bd5 Ba6 23. Rfc1 Rad8 24. Rxc7 Rxd5 25. Be3 b5 26. Rxa7 Bc8 27. Rc7 Be6 28. Rb7 Bd7 29. Rc1 Rc8 30. Rxc8+ Bxc8 31. Rb8 Rd8 32. Rxb5 Bd4 33. Bf4 Be6 34. a4 Ra8 35. a5 Bc3 36. Bc7 h4 37. Rg5+ Kf8 38. Bd6+ Ke8 39. Rg8+ Kd7 40. Rxa8 Kxd6 41. a6 1-0


[Site "https://www.chess.com"]

[Event "Titled Tuesday Blitz March 07 Early 2023"]
[White "Kohler, Aran"]
[Black "Silvestre, Christian"]
[WhiteFideId "1002856"]
[BlackFideId "30956269"]
[WhiteElo "2236"]
[BlackElo "2384"]
[Result "1-0"]
[Round "06"]
[TimeControl "180+2"]
[Date "2023.03.07"]
[WhiteClock "0:01:48"]
[BlackClock "0:00:03"]

1. e4 c5 2. Nf3 e6 3. d4 cxd4 4. Nxd4 a6 5. c4 Qc7 6. a3 b6 7. Nc3 Bb7 8. Be2 Nf6 9. f3 Nc6 10. Be3 Be7 11. Nc2 O-O 12. O-O d6 13. Kh1 Rfd8 14. Na4 Nd7 15. Rc1 Nc5 16. Nc3 Nb3 17. Rb1 Ne5 18. Na4 Nc5 19. Nc3 Nb3 20. Nd4 Nxd4 21. Qxd4 Nd7 22. b4 Bf6 23. Qd2 Ne5 24. Rbc1 Rac8 25. Na4 Nd7 26. Bd3 Be5 27. f4 Bf6 28. Qf2 Bc6 29. Nxb6 Rb8 30. Nxd7 Qxd7 31. Bb6 Rdc8 32. Ba5 Qb7 33. Rfe1 Be7 34. Qe2 1-0


[Site "https://www.chess.com"]

[Event "Titled Tuesday Blitz March 07 Early 2023"]
[White "Torres Hernandez, Leslie Carolin"]
[Black "Rios Escobar, Adan"]
[WhiteFideId "8400504"]
[BlackFideId "3403645"]
[WhiteElo "1920"]
[BlackElo "2380"]
[Result "1-0"]
[Round "06"]
[TimeControl "180+2"]
[Date "2023.03.07"]
[WhiteClock "0:00:21"]
[BlackClock "0:00:01"]

1. e4 c5 2. Nf3 d6 3. Bb5+ Nd7 4. a4 Nf6 5. Nc3 g6 6. O-O a6 7. Be2 Bg7 8. d4 cxd4 9. Qxd4 O-O 10. Re1 Nc5 11. Qb4 a5 12. Qc4 Be6 13. Nd5 Ncxe4 14. Nxf6+ Nxf6 15. Qb5 b6 16. Be3 Nd7 17. Nd4 Rc8 18. Nxe6 fxe6 19. Bg4 Nc5 20. Bxc5 Rxc5 21. Bxe6+ Kh8 22. Qd3 Bxb2 23. Rab1 Bg7 24. c4 Qc7 25. Bd5 Bf6 26. Re3 Qd7 27. Rh3 Kg7 28. Rxb6 Qxa4 29. Rb1 Qa2 30. Qb3 Qe2 31. Re3 Qg4 32. Rbe1 Bd4 33. Rxe7+ Kh6 34. Bf3 Qh4 35. g3 Qf6 36. Qb7 Bxf2+ 37. Kf1 Rh8 38. Kxf2 Rf5 39. Qe4 Rb8 40. Qh4+ Qxh4 41. gxh4 1-0


[Site "https://www.chess.com"]

[Event "Titled Tuesday Blitz March 07 Early 2023"]
[White "Chabris, Christopher"]
[Black "Szyszylo, Rafal"]
[WhiteFideId "2005263"]
[BlackFideId "1109626"]
[WhiteElo "2211"]
[BlackElo "1951"]
[Result "0-1"]
[Round "06"]
[TimeControl "180+2"]
[Date "2023.03.07"]
[WhiteClock "0:00:01"]
[BlackClock "0:00:11"]

1. e4 g6 2. d4 d6 3. Nc3 Nf6 4. Be3 c6 5. a4 Bg7 6. Qd2 Qa5 7. Nf3 Nbd7 8. Bd3 O-O 9. h3 e5 10. dxe5 dxe5 11. Bh6 Bxh6 12. Qxh6 Nc5 13. O-O-O Nxa4 14. Nxa4 Qxa4 15. Ng5 Qa1+ 16. Kd2 Qxb2 17. h4 Qb4+ 18. Ke2 Qe7 19. h5 Bg4+ 20. f3 Be6 21. Rb1 b5 22. g4 Rfd8 23. Nxh7 Nxh7 24. hxg6 fxg6 25. Qxg6+ Kh8 26. Rh6 Qf7 27. Qxe6 Qxe6 28. Rxe6 Rac8 29. Rh1 Rd7 30. Reh6 Kg8 31. g5 Rcc7 32. g6 Nf8 33. Rh8+ Kg7 34. Ke3 Nxg6 35. R8h7+ Kf6 36. R7h6 Rg7 37. Rg1 Kf7 38. Bf1 Nf4 39. Rgh1 a6 40. c4 Rd7 41. Rh8 b4 42. c5 a5 43. Bc4+ Kf6 44. R1h6+ Kg5 45. Rh1 Kf6 46. R1h6+ Rg6 0-1


[Site "https://www.chess.com"]

[Event "Titled Tuesday Blitz March 07 Early 2023"]
[White "Kuchava, Ana"]
[Black "Mushini Ajay"]
[WhiteFideId "13605348"]
[BlackFideId "35066188"]
[WhiteElo "2001"]
[BlackElo "2145"]
[Result "1-0"]
[Round "06"]
[TimeControl "180+2"]
[Date "2023.03.07"]
[WhiteClock "0:00:34"]
[BlackClock "0:00:46"]

1. d4 Nf6 2. Nf3 g6 3. c4 Bg7 4. Nc3 d5 5. Bg5 Ne4 6. Bf4 Nxc3 7. bxc3 O-O 8. e3 c5 9. cxd5 cxd4 10. cxd4 Qxd5 11. Be2 Nc6 12. O-O b6 13. Qa4 Na5 14. Rac1 Bd7 15. Qa3 Rfc8 16. Qxe7 Bf8 17. Qf6 Rxc1 18. Be5 Rxf1+ 19. Bxf1 Qxe5 20. Nxe5 Be6 21. e4 Bg7 22. Qe7 Bf8 23. Qc7 Rc8 24. Qxa7 Rc1 25. d5 1-0


[Site "https://www.chess.com"]

[Event "Titled Tuesday Blitz March 07 Early 2023"]
[White "Hartikainen, Jarmo"]
[Black "Tyagi, Kushan"]
[WhiteFideId "503134"]
[BlackFideId "2040069"]
[WhiteElo "2201"]
[BlackElo "2346"]
[Result "0-1"]
[Round "06"]
[TimeControl "180+2"]
[Date "2023.03.07"]
[WhiteClock "0:00:10"]
[BlackClock "0:00:29"]

1. e4 c5 2. c3 b6 3. d4 Bb7 4. Bd3 Nf6 5. Qe2 cxd4 6. cxd4 Nc6 7. d5 Nb4 8. Bc4 Rc8 9. a3 b5 10. axb4 Rxc4 11. Nc3 e6 12. Bg5 Bxb4 13. Rc1 h6 14. Bxf6 Qxf6 15. e5 Qf4 16. Qd2 Qxe5+ 17. Nge2 Bxd5 18. O-O Bc6 19. Rfe1 O-O 20. Ng3 Qg5 21. Qxg5 hxg5 22. Nce4 f6 23. Rxc4 bxc4 24. Rc1 d5 25. Nc3 Rb8 0-1


[Site "https://www.chess.com"]

[Event "Titled Tuesday Blitz March 07 Early 2023"]
[White "MrAnnihilation"]
[Black "Sabar, Ethmane Daouda"]
[BlackFideId "19600097"]
[WhiteElo "2345"]
[BlackElo "1950"]
[Result "1-0"]
[Round "06"]
[TimeControl "180+2"]
[Date "2023.03.07"]
[WhiteClock "0:00:30"]
[BlackClock "0:00:02"]

1. e4 c5 2. Nf3 Nc6 3. Bb5 Na5 4. c3 a6 5. Ba4 b5 6. Bc2 Bb7 7. O-O Nc6 8. d4 cxd4 9. cxd4 d5 10. e5 e6 11. Nc3 Nge7 12. Re1 b4 13. Na4 Ng6 14. g3 a5 15. h4 Be7 16. h5 Nf8 17. h6 g6 18. Kg2 Nd7 19. Bd3 Ba6 20. Bxa6 Rxa6 21. Bf4 Nb6 22. Rc1 Nxa4 23. Qxa4 Qb6 24. Rc2 O-O 25. Rec1 Rc8 26. Be3 Bf8 27. Nh2 Qb7 28. Ng4 Be7 29. Kf3 Kf8 30. Kg2 Na7 31. Rxc8+ Nxc8 32. Qc2 Ra8 33. Qd2 Nb6 34. Bg5 Nc4 35. Qf4 Bxg5 36. Qxg5 Qe7 37. Nf6 a4 38. b3 axb3 39. axb3 Na5 40. Ra1 1-0


[Site "https://www.chess.com"]

[Event "Titled Tuesday Blitz March 07 Early 2023"]
[White "Dishman, Stephen"]
[Black "laurynaszaveckis"]
[WhiteFideId "403024"]
[WhiteElo "2204"]
[BlackElo "2276"]
[Result "1-0"]
[Round "06"]
[TimeControl "180+2"]
[Date "2023.03.07"]
[WhiteClock "0:00:25"]
[BlackClock "0:00:21"]

1. d4 d5 2. c4 e6 3. Nf3 f5 4. g3 Nf6 5. Bg2 c6 6. O-O Bd6 7. Nbd2 Nbd7 8. b3 O-O 9. Bb2 Qe8 10. Ne5 Ne4 11. f3 Nxd2 12. Qxd2 Qh5 13. Nxd7 Bxd7 14. e4 fxe4 15. fxe4 dxe4 16. Bxe4 Qg4 17. Qd3 h6 18. c5 Bc7 19. Bg2 Rad8 20. Qe4 Qxe4 21. Bxe4 Rxf1+ 22. Rxf1 Rf8 23. Re1 Re8 24. Bg6 Re7 25. Kg2 Be8 26. Bd3 Bf7 27. Bc4 Kf8 28. b4 a6 29. a4 Ke8 30. b5 axb5 31. axb5 Kd7 32. b6 Bb8 33. g4 Bg6 34. h4 h5 35. gxh5 Bxh5 36. Bc1 Bg4 37. Bg5 Rf7 38. Rf1 Bh3+ 39. Kxh3 Rxf1 40. Bxf1 e5 41. dxe5 Bxe5 42. Be3 Ke6 43. Bc4+ Kf5 44. Bd3+ Ke6 45. Be4 Bc3 46. Kg4 Be5 47. Bf4 Bc3 48. Bxc6 Bd4 1-0


[Site "https://www.chess.com"]

[Event "Titled Tuesday Blitz March 07 Early 2023"]
[White "Thomas, Anysia"]
[Black "McLaren, Brian"]
[WhiteFideId "670472"]
[BlackFideId "2604612"]
[WhiteElo "2091"]
[BlackElo "2132"]
[Result "1-0"]
[Round "06"]
[TimeControl "180+2"]
[Date "2023.03.07"]
[WhiteClock "0:01:09"]
[BlackClock "0:02:11"]

1. d4 d5 2. c4 e6 3. Nf3 c6 4. g3 f5 5. Bg2 Bd6 6. O-O Qf6 7. b3 Ne7 8. Ba3 Bc7 9. e3 Nd7 10. Nbd2 O-O 11. Rc1 Re8 12. Bb2 Ng6 13. Nb1 Qe7 14. Nc3 Nf6 15. Qc2 Ne4 16. Nxe4 fxe4 17. Ne5 Nxe5 18. dxe5 Qg5 19. f4 exf3 20. Rxf3 Bxe5 21. h4 Qh5 22. g4 Qxg4 23. Bxe5 Qxh4 24. Rh3 1-0


[Site "https://www.chess.com"]

[Event "Titled Tuesday Blitz March 07 Early 2023"]
[White "Buscar, Michael"]
[Black "Kiseleva, Arina"]
[WhiteFideId "2603616"]
[BlackFideId "4164989"]
[WhiteElo "2010"]
[BlackElo "1756"]
[Result "1-0"]
[Round "06"]
[TimeControl "180+2"]
[Date "2023.03.07"]
[WhiteClock "0:00:47"]
[BlackClock "0:00:24"]

1. e4 c6 2. Nf3 d5 3. Nc3 Bg4 4. exd5 cxd5 5. Bb5+ Nc6 6. O-O e6 7. d4 Bd6 8. Be3 Ne7 9. Be2 O-O 10. Nb5 Bb8 11. c3 a6 12. Na3 Qd6 13. g3 Ng6 14. Nc2 h5 15. Nfe1 Bh3 16. Ng2 h4 17. Bg4 Bxg2 18. Kxg2 f5 19. Bh5 Nce7 20. f4 Kf7 21. Ne1 Rh8 22. Nd3 Kg8 23. Ne5 Rh6 24. Rh1 Bc7 25. Qe2 Nxe5 26. fxe5 Qd7 27. Bxh6 gxh6 28. gxh4 Kh7 29. Rhg1 Rg8+ 30. Kh1 Bd8 31. Qe3 Qb5 32. Bf7 Rxg1+ 33. Rxg1 Qxb2 34. Qg3 1-0


[Site "https://www.chess.com"]

[Event "Titled Tuesday Blitz March 07 Early 2023"]
[White "Liu, Kelsey"]
[Black "Bashirli, Saadat"]
[WhiteFideId "30944481"]
[BlackFideId "13429990"]
[WhiteElo "2294"]
[BlackElo "1408"]
[Result "0-1"]
[Round "06"]
[TimeControl "180+2"]
[Date "2023.03.07"]
[WhiteClock "0:00:02"]
[BlackClock "0:00:19"]

1. e4 c5 2. Nf3 g6 3. d4 cxd4 4. Qxd4 Nf6 5. Nc3 Nc6 6. Qa4 d6 7. e5 dxe5 8. Nxe5 Bd7 9. Nxd7 Qxd7 10. Be3 Bg7 11. Rd1 Qg4 12. Qb5 O-O 13. h3 Qb4 14. Be2 Qxb5 15. Nxb5 a6 16. Nc3 Rad8 17. O-O Rxd1 18. Rxd1 Rd8 19. Kf1 Rxd1+ 20. Nxd1 Nd5 21. Bc5 Kf8 22. c4 Nf4 23. Bf3 Nd3 24. Ba3 Ke8 25. Ke2 Nde5 26. b3 Nxf3 27. Kxf3 Kd7 28. Ne3 e6 29. Ke4 f5+ 30. Kd3 e5 31. f3 Ke6 32. Nd5 e4+ 33. fxe4 Ne5+ 34. Ke3 Bh6+ 35. Kd4 Nc6+ 36. Kd3 Ne5+ 37. Kd4 Nc6+ 38. Kc5 fxe4 39. Kb6 e3 40. Nc3 Nd8 41. Kc7 Bg5 42. Ne2 b5 43. c5 Kd5 44. b4 Kc4 45. c6 Kd5 46. Kb6 Nxc6 47. Kxa6 Kc4 48. Kb6 Nxb4 49. Bc1 Kd3 50. Ng3 Kc4 51. a3 Nd3 52. Bb2 Nxb2 0-1


[Site "https://www.chess.com"]

[Event "Titled Tuesday Blitz March 07 Early 2023"]
[White "Aanan, Shafiuddin"]
[Black "Orujov, Elshad"]
[WhiteFideId "3242633"]
[BlackFideId "13403540"]
[WhiteElo "1648"]
[BlackElo "2342"]
[Result "1-0"]
[Round "06"]
[TimeControl "180+2"]
[Date "2023.03.07"]
[WhiteClock "0:01:37"]
[BlackClock "0:01:38"]

1. e4 c5 2. Nc3 d6 3. f4 g6 4. Nf3 Bg7 5. Bc4 Nc6 6. O-O e6 7. d4 Nxd4 8. Be3 Nxf3+ 9. Qxf3 Ne7 10. f5 gxf5 11. exf5 exf5 12. Rae1 Be6 13. Bg5 Qd7 14. Bb5 Bd4+ 15. Kh1 O-O-O 16. Bxd7+ Rxd7 1-0


[Site "https://www.chess.com"]

[Event "Titled Tuesday Blitz March 07 Early 2023"]
[White "Lauridsen, Jesper Morch"]
[Black "Johnson, Ben"]
[WhiteFideId "1401890"]
[BlackFideId "2010917"]
[WhiteElo "2290"]
[BlackElo "2153"]
[Result "1-0"]
[Round "06"]
[TimeControl "180+2"]
[Date "2023.03.07"]
[WhiteClock "0:02:31"]
[BlackClock "0:01:05"]

1. d4 Nf6 2. Nf3 e6 3. e3 d5 4. Bd3 Be7 5. O-O O-O 6. b3 c5 7. Bb2 b6 8. Nbd2 Ba6 9. c4 Nc6 10. Ne5 Nxe5 11. dxe5 Nd7 12. Qc2 g6 13. cxd5 Bxd3 14. Qxd3 exd5 15. Qxd5 Qc7 16. Nc4 Bg5 17. e6 fxe6 18. Qxg5 1-0


[Site "https://www.chess.com"]

[Event "Titled Tuesday Blitz March 07 Early 2023"]
[White "Clawitter, Craig"]
[Black "ritanovikova"]
[WhiteFideId "2023105"]
[WhiteElo "2289"]
[BlackElo "2129"]
[Result "0-1"]
[Round "06"]
[TimeControl "180+2"]
[Date "2023.03.07"]
[WhiteClock "0:00:01"]
[BlackClock "0:01:18"]

1. e4 d5 2. exd5 Qxd5 3. Nc3 Qd6 4. d4 Nf6 5. Nf3 a6 6. g3 Bf5 7. Bg2 e6 8. O-O Nc6 9. Bf4 Qb4 10. Ne5 Nxe5 11. Bxe5 O-O-O 12. Qf3 Bg4 13. Qf4 Bd6 14. a3 Bxe5 15. dxe5 Qxf4 16. gxf4 Nh5 17. Be4 Nxf4 18. f3 Bh3 19. Rfd1 b6 20. Kf2 g6 21. Bc6 Bf5 22. Ne4 Bxe4 23. Bxe4 g5 24. Ke3 Ng6 25. Bxg6 hxg6 26. Rg1 Rxh2 27. Rxg5 Rxc2 28. Rg4 Rxb2 29. Rf4 Rd7 30. Rh1 Rb3+ 31. Kf2 Rb5 32. Rh8+ Kb7 33. Rf8 Rxe5 34. R8xf7 Red5 35. Rxd7 Rxd7 36. Rf6 g5 37. Rxe6 Rf7 38. Rg6 Rf5 39. Kg3 b5 40. Kg4 Rc5 41. Rxg5 Rxg5+ 42. Kxg5 c5 43. f4 b4 44. axb4 cxb4 45. f5 b3 46. f6 b2 47. f7 b1=Q 48. f8=Q Qg1+ 49. Kh4 Qh2+ 50. Kg4 Qg2+ 51. Kh4 Qe4+ 52. Kg3 Qd3+ 53. Kh4 Qc4+ 54. Kg3 Qb3+ 55. Kh4 Qa4+ 56. Kg3 Qc6 57. Kh4 Kb6 0-1


[Site "https://www.chess.com"]

[Event "Titled Tuesday Blitz March 07 Early 2023"]
[White "Alhadad, Mahmoud"]
[Black "Pissama Ntsaou, Martial"]
[WhiteFideId "11501863"]
[BlackFideId "17400864"]
[WhiteElo "1955"]
[BlackElo "2069"]
[Result "1-0"]
[Round "06"]
[TimeControl "180+2"]
[Date "2023.03.07"]
[WhiteClock "0:01:31"]
[BlackClock "0:01:28"]

1. e4 c6 2. d4 d5 3. exd5 cxd5 4. Bd3 Nc6 5. c3 Nf6 6. Bf4 Bg4 7. Qb3 Qd7 8. Nd2 e6 9. Ngf3 Bd6 10. Bxd6 Qxd6 11. O-O O-O 12. Rae1 Bh5 13. Ne5 Nd7 14. f4 Bg6 15. Bxg6 hxg6 16. Rf3 Rac8 17. Rh3 Nf6 18. Qb5 a6 19. Qd3 b5 20. Qg3 Rfd8 21. Rh8+ Kxh8 22. Nxf7+ Kg8 23. Nxd6 Rxd6 24. f5 Rcd8 25. fxe6 Ne7 26. b4 Rc6 27. h3 Rdc8 28. Re3 Rd6 29. Qxd6 1-0


[Site "https://www.chess.com"]

[Event "Titled Tuesday Blitz March 07 Early 2023"]
[White "Kriti Mayur Patel"]
[Black "Wilson, Elvin"]
[WhiteFideId "35061780"]
[BlackFideId "2014874"]
[WhiteElo "1306"]
[BlackElo "2279"]
[Result "0-1"]
[Round "06"]
[TimeControl "180+2"]
[Date "2023.03.07"]
[WhiteClock "0:00:14"]
[BlackClock "0:00:05"]

1. e4 e6 2. d4 d5 3. Nc3 Bb4 4. exd5 exd5 5. Bd3 Nf6 6. Ne2 O-O 7. a3 Be7 8. O-O c6 9. Bf4 Re8 10. Bg3 Nbd7 11. f4 Nf8 12. f5 c5 13. Bb5 Bd7 14. Be5 Ng4 15. Nf4 Ne3 16. Qf3 Nxf1 17. Rxf1 cxd4 18. Bxd7 Nxd7 19. Ncxd5 Nxe5 20. Qg3 Bh4 21. Qh3 Bg5 22. Qg3 Rc8 23. f6 g6 24. Ne7+ Rxe7 25. Qxg5 Re8 26. Qh6 Qxf6 27. Nh5 Qh8 28. Nf6+ Qxf6 29. Rxf6 Ng4 30. Qf4 Re1+ 31. Qf1 Rxf1+ 32. Rxf1 Rxc2 33. Rd1 Rc4 34. h3 Nf6 35. Rd3 Ne4 36. Kf1 Nc5 37. Ke2 Nxd3 38. Kxd3 Rc6 39. Kxd4 Kf8 40. Ke5 Ke7 41. Kf4 Rc5 42. g4 g5+ 43. Kg3 Ke6 44. h4 Rd5 45. hxg5 Rxg5 46. Kh4 h6 47. b4 Ke5 48. a4 Kf4 49. a5 Rxg4+ 50. Kh5 Rg5+ 51. Kxh6 Kf5 52. Kh7 Rg6 53. b5 a6 54. b6 Kf6 55. Kh8 Rh6+ 56. Kg8 Kg6 57. Kf8 f5 58. Kg8 Kf6 59. Kf8 Rh8# 0-1


[Site "https://www.chess.com"]

[Event "Titled Tuesday Blitz March 07 Early 2023"]
[White "Osuna Vega, Enrique"]
[Black "Castillo Pena, Patricia Evarista"]
[WhiteFideId "2219549"]
[BlackFideId "6412106"]
[WhiteElo "2184"]
[BlackElo "1919"]
[Result "0-1"]
[Round "06"]
[TimeControl "180+2"]
[Date "2023.03.07"]
[WhiteClock "0:00:02"]
[BlackClock "0:00:12"]

1. e4 c5 2. Nf3 d6 3. d4 cxd4 4. Nxd4 Nf6 5. f3 a6 6. c4 e5 7. Nc2 Be6 8. Nc3 Be7 9. Be3 Nbd7 10. Be2 O-O 11. O-O Rc8 12. Nd5 Bxd5 13. cxd5 Nb6 14. b3 Nh5 15. Qd2 h6 16. Rfc1 Nf4 17. Bf1 f5 18. Bxf4 exf4 19. exf5 Rxf5 20. Nd4 Rxd5 21. Qxf4 Rxc1 22. Rxc1 Bf6 23. Nf5 Bg5 24. Qg4 Rxf5 25. Qxf5 Bxc1 26. Bd3 Qf6 27. Qh7+ Kf7 28. Be4 Be3+ 29. Kf1 d5 30. Ke2 Bg5 31. Bd3 Qe5+ 32. Kd1 Qa1+ 33. Ke2 Qxa2+ 34. Kd1 Qd2# 0-1


[Site "https://www.chess.com"]

[Event "Titled Tuesday Blitz March 07 Early 2023"]
[White "Sadubayev, Airat"]
[Black "Necula, Iulian"]
[WhiteFideId "13713264"]
[BlackFideId "1232380"]
[WhiteElo "2129"]
[BlackElo "1790"]
[Result "1-0"]
[Round "06"]
[TimeControl "180+2"]
[Date "2023.03.07"]
[WhiteClock "0:00:17"]
[BlackClock "0:00:26"]

1. d4 d6 2. c4 f5 3. Nc3 Nf6 4. Nf3 g6 5. g3 Bg7 6. Bg2 O-O 7. O-O Qe8 8. Bf4 Nh5 9. Bd2 c6 10. d5 e5 11. dxe6 Bxe6 12. Be3 Bxc4 13. Qxd6 Na6 14. Bg5 Nf6 15. Rad1 h6 16. Be3 Nd5 17. Bd4 Rd8 18. Qa3 Nxc3 19. Qxc3 Bxe2 20. Rfe1 Bxd4 21. Nxd4 Bxd1 22. Rxe8 Rfxe8 23. Qc4+ Kh8 24. Ne6 Rd6 25. Qc3+ 1-0


[Site "https://www.chess.com"]

[Event "Titled Tuesday Blitz March 07 Early 2023"]
[White "Martinez, Shawn"]
[Black "Tarnowska, Aleksandra"]
[WhiteFideId "2039770"]
[BlackFideId "1180967"]
[WhiteElo "2174"]
[BlackElo "1776"]
[Result "0-1"]
[Round "06"]
[TimeControl "180+2"]
[Date "2023.03.07"]
[WhiteClock "0:00:01"]
[BlackClock "0:00:22"]

1. d4 d5 2. c4 c6 3. Nc3 Bf5 4. Bf4 e6 5. Nf3 Nf6 6. e3 Qb6 7. Qb3 Nbd7 8. Be2 Qxb3 9. axb3 Bc2 10. Nd2 Be7 11. O-O O-O 12. Rac1 Bg6 13. Rfd1 h6 14. Bf3 Nh5 15. Bg3 Nxg3 16. hxg3 Nf6 17. Re1 Bb4 18. Re2 Bd3 19. Ree1 g5 20. g4 Bg6 21. g3 Rfe8 22. Bg2 h5 23. gxh5 Bxh5 24. e4 dxe4 25. Ncxe4 Nxe4 26. Nxe4 Bxe1 27. Rxe1 Kg7 28. Nxg5 Bg6 29. Ne4 Bxe4 30. Bxe4 Rad8 31. Bg2 Rxd4 32. f4 Red8 0-1


[Site "https://www.chess.com"]

[Event "Titled Tuesday Blitz March 07 Early 2023"]
[White "Baruch, Liam"]
[Black "Bruned, Boris"]
[WhiteFideId "14322064"]
[BlackFideId "621790"]
[WhiteElo "2059"]
[BlackElo "2049"]
[Result "0-1"]
[Round "06"]
[TimeControl "180+2"]
[Date "2023.03.07"]
[WhiteClock "0:00:03"]
[BlackClock "0:00:15"]

1. e4 b6 2. d4 Bb7 3. Bd3 e6 4. Nc3 Bb4 5. Qe2 d5 6. e5 c5 7. Bb5+ Bc6 8. Nf3 a6 9. Bxc6+ Nxc6 10. a3 Bxc3+ 11. bxc3 Nge7 12. O-O O-O 13. Qd3 h6 14. a4 Na5 15. Ba3 Qc7 16. Qe3 Nc4 17. Qd3 Rfc8 18. Nd2 Nxa3 19. Rxa3 cxd4 20. Qxd4 Nc6 21. Qh4 Nxe5 22. h3 Nc4 23. Nxc4 Qxc4 24. Qxc4 Rxc4 25. Rb1 Rb8 26. Rab3 Rxa4 27. Rxb6 Rxb6 28. Rxb6 Ra2 29. Kf1 Rxc2 30. Rxa6 Rxc3 31. Ke2 Rc2+ 32. Ke3 g6 33. Ra8+ Kg7 34. Ra7 Kf6 35. g3 h5 36. h4 Rc3+ 37. Kd2 Rf3 38. Ke2 Rb3 39. Ra4 e5 40. Ra6+ Kf5 41. Ra7 f6 42. Rg7 d4 43. Kd2 Rf3 44. Ke2 Ra3 45. Kf1 e4 46. f4 e3 47. Ke2 Ra2+ 48. Kd3 Rd2+ 49. Kc4 e2 50. Rd7 d3 51. Rd5+ Kg4 52. Rd4 e1=Q 53. f5+ Kxf5 54. Rf4+ Ke6 0-1


[Site "https://www.chess.com"]

[Event "Titled Tuesday Blitz March 07 Early 2023"]
[White "Kaplan, Avi Harrison"]
[Black "Comas Fabrego, Lluis"]
[WhiteFideId "30934559"]
[BlackFideId "2200325"]
[WhiteElo "1983"]
[BlackElo "2523"]
[Result "1-0"]
[Round "06"]
[TimeControl "180+2"]
[Date "2023.03.07"]
[WhiteClock "0:01:00"]
[BlackClock "0:01:18"]

1. g3 d5 2. Bg2 Nf6 3. d3 g6 4. f4 Bg7 5. Nf3 O-O 6. O-O c5 7. c3 Nc6 8. Qe1 d4 9. a4 Nd5 10. cxd4 cxd4 11. Na3 e5 12. fxe5 Nxe5 13. Nxe5 Bxe5 14. Nc4 Bg7 15. Bd2 Be6 16. a5 Qd7 17. b4 Rae8 18. Qf2 Ne3 19. Nxe3 dxe3 20. Bxe3 Bxa1 21. Rxa1 Bd5 22. Bh6 Bxg2 23. Qf6 1-0


[Site "https://www.chess.com"]

[Event "Titled Tuesday Blitz March 07 Early 2023"]
[White "Carrasco Miranda, Andres"]
[Black "Dilmukhametov, Artur"]
[WhiteFideId "3405990"]
[BlackFideId "24179922"]
[WhiteElo "2183"]
[BlackElo "2199"]
[Result "1-0"]
[Round "06"]
[TimeControl "180+2"]
[Date "2023.03.07"]
[WhiteClock "0:02:20"]
[BlackClock "0:01:59"]

1. d4 Nf6 2. c4 g6 3. g3 Bg7 4. Bg2 O-O 5. Nc3 d6 6. Nf3 Na6 7. O-O c5 8. dxc5 Nxc5 9. Be3 a5 10. Bxc5 dxc5 11. Qxd8 Rxd8 12. Rfd1 Rd7 13. Rac1 Rb8 14. Ne5 Rxd1+ 15. Rxd1 b6 16. Rd8+ Bf8 17. Nc6 Ra8 18. Nxe7+ Kg7 19. Rxc8 Rxc8 20. Nxc8 Nd7 21. Nd5 1-0


[Site "https://www.chess.com"]

[Event "Titled Tuesday Blitz March 07 Early 2023"]
[White "Sanchez, Robert"]
[Black "Biriukov, Ilja"]
[WhiteFideId "2034360"]
[BlackFideId "4113373"]
[WhiteElo "2316"]
[BlackElo "2426"]
[Result "0-1"]
[Round "06"]
[TimeControl "180+2"]
[Date "2023.03.07"]
[WhiteClock "0:02:33"]
[BlackClock "0:01:49"]

1. e4 e6 2. d4 d5 3. Nc3 Bb4 4. e5 c5 5. Bd2 cxd4 6. Nb5 Be7 7. Nf3 Nc6 8. Nbxd4 Qb6 9. Bb5 Bd7 10. c3 Nxe5 11. Bxd7+ Nxd7 12. O-O Ngf6 13. b4 Ne4 14. a4 O-O 15. a5 Qc7 16. Rc1 a6 17. Qe2 Ndf6 18. Qd3 Rac8 19. Rfd1 Qc4 20. Qxe4 0-1


[Site "https://www.chess.com"]

[Event "Titled Tuesday Blitz March 07 Early 2023"]
[White "Quirke, Jeffrey"]
[Black "Boder, Jan"]
[WhiteFideId "2013029"]
[BlackFideId "16243226"]
[WhiteElo "2195"]
[BlackElo "2241"]
[Result "1-0"]
[Round "06"]
[TimeControl "180+2"]
[Date "2023.03.07"]
[WhiteClock "0:01:27"]
[BlackClock "0:00:10"]

1. e4 c6 2. d4 d5 3. exd5 cxd5 4. Nf3 Nf6 5. c3 Nc6 6. Be3 e6 7. Nbd2 Be7 8. Bd3 O-O 9. O-O Bd7 10. Re1 Rc8 11. Bf4 a6 12. h3 b5 13. a3 Na5 14. Ne5 Nc4 15. Rb1 Nxe5 16. Bxe5 Ne8 17. Qh5 1-0


[Site "https://www.chess.com"]